| TOP OF THE 1ST |
|
Danville Braves batting - Pitching for Missoula Osprey : RHP Jorge Gallegos
|
|
Pitching: RHP Jorge Gallegos
|
|
|
Batting: SHB Ian Arlotta
|
0-0: Foul Ball, location: 2F 0-1: Ball 1-1: Called Strike 1-2: Ground out 4-3 (Groundball, 4, EV 83.1 MPH)
|
|
Batting: LHB Oke Monti
|
0-0: Called Strike 0-1: Foul Ball, location: 2F 0-2: Strikes out swinging
|
|
Batting: RHB Jose Ramos
|
0-0: Ground out 4-3 (Groundball, 4, EV 81.2 MPH)
|
| Top of the 1st over - 0 runs, 0 hits, 0 errors, 0 left on base; Danville 0 - Missoula 0 |
| BOTTOM OF THE 1ST |
|
Missoula Osprey batting - Pitching for Danville Braves : RHP Rick Grenfell
|
|
Pitching: RHP Rick Grenfell
|
|
|
Batting: SHB Roger Holmes
|
0-0: Foul Ball, location: 2F 0-1: Ball 1-1: Ball 2-1: Swinging Strike 2-2: Fly out, F6 (Popup, 4MS, EV 63.8 MPH)
|
|
Batting: RHB Ernesto Zamora
|
0-0: Ball 1-0: Called Strike 1-1: Swinging Strike 1-2: Fly out, F8 (Flyball, 8LM, EV 88.1 MPH)
|
|
Batting: SHB Evan Armagost
|
0-0: Fly out, F9 (Flyball, 89D, EV 103.8 MPH)
|
| Bottom of the 1st over - 0 runs, 0 hits, 0 errors, 0 left on base; Danville 0 - Missoula 0 |
| TOP OF THE 2ND |
|
Danville Braves batting - Pitching for Missoula Osprey : RHP Jorge Gallegos
|
|
Batting: RHB Yojiro Hayashi
|
0-0: Swinging Strike 0-1: Foul Ball, location: 2F 0-2: Ball 1-2: Strikes out looking
|
|
Batting: RHB Armando Moz
|
0-0: Ball 1-0: Ball 2-0: Ball 3-0: Base on Balls
|
|
Batting: RHB Adonis Jenifer
|
0-0: Ball Wild Pitch! Armando Moz to second 1-0: Swinging Strike 1-1: Foul Ball, location: 2F 1-2: Foul Ball, location: 2F 1-2: Ball 2-2: Fly out, F6 (Flyball, 56D, EV 83.8 MPH)
|
|
Batting: RHB Ingidayehu Lagat
|
0-0: Ball 1-0: Hit by Pitch
|
|
Batting: RHB Gerard Michel
|
0-0: Called Strike 0-1: Swinging Strike 0-2: Strikes out looking
|
| Top of the 2nd over - 0 runs, 0 hits, 0 errors, 2 left on base; Danville 0 - Missoula 0 |
| BOTTOM OF THE 2ND |
|
Missoula Osprey batting - Pitching for Danville Braves : RHP Rick Grenfell
|
|
Batting: SHB Blaine Peters
|
0-0: Swinging Strike 0-1: Called Strike 0-2: Ball 1-2: Foul Ball, location: 2F 1-2: Ball 2-2: Foul Ball, location: 2F 2-2: Ground out 4-3 (Groundball, 4S, EV 80.0 MPH)
|
|
Batting: RHB Antonio Luisa
|
0-0: Ground out 2-3 (Groundball, 2R, EV 68.8 MPH)
|
|
Batting: LHB Dillon Rizzuto
|
0-0: Ball 1-0: Called Strike 1-1: Fly out, F4 (Flyball, 34D, EV 75.6 MPH)
|
| Bottom of the 2nd over - 0 runs, 0 hits, 0 errors, 0 left on base; Danville 0 - Missoula 0 |
| TOP OF THE 3RD |
|
Danville Braves batting - Pitching for Missoula Osprey : RHP Jorge Gallegos
|
|
Batting: RHB Miguel Vazquez
|
0-0: Ground out 4-3 (Groundball, 4, EV 84.4 MPH)
|
|
Batting: SHB Ian Arlotta
|
0-0: Ball 1-0: Ball 2-0: Called Strike 2-1: Called Strike 2-2: Strikes out swinging
|
|
Batting: LHB Oke Monti
|
0-0: Ball 1-0: Ball 2-0: Ball 3-0: Called Strike 3-1: Base on Balls
|
|
Batting: RHB Jose Ramos
|
0-0: Fly out, F5 (Popup, 15, EV 78.8 MPH)
|
| Top of the 3rd over - 0 runs, 0 hits, 0 errors, 1 left on base; Danville 0 - Missoula 0 |
| BOTTOM OF THE 3RD |
|
Missoula Osprey batting - Pitching for Danville Braves : RHP Rick Grenfell
|
|
Batting: LHB Jeff Harmon
|
0-0: Ball 1-0: SINGLE (Groundball, 5D, EV 102.5 MPH)
|
|
Batting: SHB Lee Dillon
|
0-0: SINGLE (Line Drive, 6D, EV 105.6 MPH) Jeff Harmon to second
|
|
Batting: RHB Hyeok Shon
|
0-0: Ball 1-0: Foul Ball, location: 2F 1-1: Called Strike 1-2: Ball 2-2: Ball 3-2: Strikes out swinging
|
|
Batting: SHB Roger Holmes
|
0-0: Called Strike 0-1: Foul Ball, location: 2F 0-2: Strikes out swinging
|
|
Batting: RHB Ernesto Zamora
|
0-0: Ball 1-0: Ball 2-0: Foul Ball, location: 2F 2-1: Ball 3-1: Foul Ball, location: 2F 3-2: Base on Balls Jeff Harmon to third Lee Dillon to second
|
|
Batting: SHB Evan Armagost
|
0-0: Ball 1-0: Called Strike 1-1: Ball 2-1: Foul Ball, location: 2F 2-2: Foul Ball, location: 2F 2-2: Ball 3-2: TRIPLE (Line Drive, 9LD, EV 113.1 MPH) Jeff Harmon scores Lee Dillon scores Ernesto Zamora scores
|
|
Batting: SHB Blaine Peters
|
0-0: Foul Ball, location: 2F 0-1: Ground out U3 (Groundball, 23, EV 90.0 MPH)
|
| Bottom of the 3rd over - 3 runs, 3 hits, 0 errors, 1 left on base; Danville 0 - Missoula 3 |
| TOP OF THE 4TH |
|
Danville Braves batting - Pitching for Missoula Osprey : RHP Jorge Gallegos
|
|
Batting: RHB Yojiro Hayashi
|
0-0: Ball 1-0: Swinging Strike 1-1: Ball 2-1: Ball 3-1: Base on Balls
|
|
Batting: RHB Armando Moz
|
0-0: Ball 1-0: Foul Ball, location: 2F 1-1: Foul Ball, location: 2F 1-2: Hit by Pitch Yojiro Hayashi to second
|
|
Batting: RHB Adonis Jenifer
|
0-0: Called Strike 0-1: Ball 1-1: Foul Ball, location: 2F 1-2: Strikes out swinging
|
|
Batting: RHB Ingidayehu Lagat
|
0-0: 3-RUN HOME RUN (Flyball, 7D, EV 92.5 MPH), Distance : 343 ft
|
|
Batting: RHB Gerard Michel
|
0-0: Foul Ball, location: 2F 0-1: Called Strike 0-2: Ball 1-2: Foul Ball, location: 2F 1-2: Ground out 6-3 (Groundball, 6, EV 91.2 MPH)
|
|
Batting: RHB Miguel Vazquez
|
0-0: Ball 1-0: Foul Ball, location: 2F 1-1: Ball 2-1: Called Strike 2-2: Foul Ball, location: 2F 2-2: Foul Ball, location: 2F 2-2: Ball 3-2: Base on Balls
|
|
Batting: SHB Ian Arlotta
|
0-0: Ball 1-0: Called Strike 1-1: Foul Ball, location: 2F 1-2: Ground out 4-3 (Groundball, 4, EV 78.1 MPH)
|
| Top of the 4th over - 3 runs, 1 hit, 0 errors, 1 left on base; Danville 3 - Missoula 3 |
| BOTTOM OF THE 4TH |
|
Missoula Osprey batting - Pitching for Danville Braves : RHP Rick Grenfell
|
|
Batting: RHB Antonio Luisa
|
0-0: Ball 1-0: Ground out 5-3 (Groundball, 56, EV 86.9 MPH)
|
|
Batting: LHB Dillon Rizzuto
|
0-0: SOLO HOME RUN (Flyball, 89XD, EV 96.2 MPH), Distance : 379 ft
|
|
Batting: LHB Jeff Harmon
|
0-0: Called Strike 0-1: Foul Ball, location: 2F 0-2: Fly out, F7 (Flyball, 78XD, EV 96.2 MPH)
|
|
Batting: SHB Lee Dillon
|
0-0: Called Strike 0-1: Swinging Strike 0-2: SINGLE (Groundball, 6MD, EV 95.0 MPH)
|
|
Batting: RHB Hyeok Shon
|
0-0: Ball Lee Dillon steals 2nd base 1-0: Foul Ball, location: 2F 1-1: Ball 2-1: SINGLE (Flyball, 6D, EV 92.5 MPH) Lee Dillon to third Runner from 3rd tries for Home, SAFE, throw by CF to home
|
|
Batting: SHB Roger Holmes
|
0-0: Ball Hyeok Shon steals 2nd base (no throw) 1-0: Ground out 4-3 (Groundball, 4, EV 85.0 MPH)
|
| Bottom of the 4th over - 2 runs, 3 hits, 0 errors, 1 left on base; Danville 3 - Missoula 5 |
| TOP OF THE 5TH |
|
Danville Braves batting - Pitching for Missoula Osprey : RHP Jorge Gallegos
|
|
Batting: LHB Oke Monti
|
0-0: Ball 1-0: Swinging Strike 1-1: Foul Ball, location: 2F 1-2: Foul Ball, location: 2F 1-2: Ball 2-2: Ball 3-2: Base on Balls
|
|
Batting: RHB Jose Ramos
|
0-0: Ball 1-0: Called Strike 1-1: Ball 2-1: Fly out, F8 (Line Drive, 8LM, EV 98.1 MPH)
|
|
Batting: RHB Yojiro Hayashi
|
0-0: Called Strike 0-1: Fielders Choice at 2nd, 3-6 (Groundball, 13, EV 80.6 MPH)
|
|
Batting: RHB Armando Moz
|
0-0: Called Strike Yojiro Hayashi steals 2nd base 0-1: Foul Ball, location: 2F 0-2: Ball 1-2: SINGLE (Line Drive, 78S, EV 88.1 MPH) Yojiro Hayashi to third Runner from 3rd tries for Home, SAFE, throw by CF to home
|
|
Batting: RHB Adonis Jenifer
|
0-0: Ball 1-0: Ball 2-0: Ball 3-0: Base on Balls Armando Moz to second
|
|
Batting: RHB Ingidayehu Lagat
|
0-0: Foul Ball, location: 2F 0-1: Ball 1-1: Ball 2-1: Ball 3-1: Called Strike 3-2: Base on Balls Armando Moz to third Adonis Jenifer to second
|
|
Batting: RHB Gerard Michel
|
0-0: Reached on error, E5 (Groundball, 56, EV 110.6 MPH) Armando Moz scores Adonis Jenifer to third Ingidayehu Lagat to second
|
|
Pitching: RHP Tom Alatas
|
|
|
Batting: RHB Miguel Vazquez
|
0-0: Ball 1-0: Fly out, F7 (Flyball, 7D, EV 94.4 MPH)
|
| Top of the 5th over - 2 runs, 1 hit, 1 error, 3 left on base; Danville 5 - Missoula 5 |
| BOTTOM OF THE 5TH |
|
Missoula Osprey batting - Pitching for Danville Braves : RHP Rick Grenfell
|
|
Batting: RHB Ernesto Zamora
|
0-0: Ball 1-0: Swinging Strike 1-1: Called Strike 1-2: Ground out 6-3 (Groundball, 6, EV 106.9 MPH)
|
|
Batting: SHB Evan Armagost
|
0-0: Called Strike 0-1: Swinging Strike 0-2: Fly out, F2 (Popup, 2R, EV 95.0 MPH)
|
|
Batting: SHB Blaine Peters
|
0-0: Called Strike 0-1: Ball 1-1: Ball 2-1: Ball 3-1: Foul Ball, location: 2F 3-2: Foul Ball, location: 2F 3-2: Base on Balls
|
|
Batting: RHB Antonio Luisa
|
0-0: Ball 1-0: Called Strike Blaine Peters is caught stealing 2nd base 2-4
|
| Bottom of the 5th over - 0 runs, 0 hits, 0 errors, 0 left on base; Danville 5 - Missoula 5 |
| TOP OF THE 6TH |
|
Danville Braves batting - Pitching for Missoula Osprey : RHP Tom Alatas
|
|
Batting: SHB Ian Arlotta
|
0-0: Ball 1-0: Called Strike 1-1: Ball 2-1: Foul Ball, location: 2F 2-2: Foul Ball, location: 2F 2-2: Ball 3-2: Strikes out swinging
|
|
Batting: LHB Oke Monti
|
0-0: Ball 1-0: Ball 2-0: Called Strike 2-1: Ball 3-1: Called Strike 3-2: Base on Balls
|
|
Batting: RHB Jose Ramos
|
0-0: Ball 1-0: Called Strike 1-1: Called Strike 1-2: Strikes out swinging
|
|
Batting: RHB Yojiro Hayashi
|
0-0: Ball 1-0: Swinging Strike 1-1: Called Strike 1-2: Ball 2-2: Foul Ball, location: 2F 2-2: Foul Ball, location: 2F 2-2: Fly out, F9 (Flyball, 9S, EV 70.6 MPH)
|
| Top of the 6th over - 0 runs, 0 hits, 0 errors, 1 left on base; Danville 5 - Missoula 5 |
| BOTTOM OF THE 6TH |
|
Missoula Osprey batting - Pitching for Danville Braves : RHP Rick Grenfell
|
|
Batting: RHB Antonio Luisa
|
0-0: Ball 1-0: Ball 2-0: Ball 3-0: Base on Balls
|
|
Batting: LHB Dillon Rizzuto
|
0-0: SINGLE (Groundball, 56D, EV 108.8 MPH) Antonio Luisa to second
|
|
Pitching: RHP Jose Santos
|
|
|
Batting: LHB Jeff Harmon
|
0-0: DOUBLE (Line Drive, 7D, EV 92.5 MPH) Antonio Luisa scores Dillon Rizzuto to third
|
|
Batting: SHB Lee Dillon
|
0-0: Ball 1-0: Called Strike 1-1: Called Strike 1-2: Strikes out swinging
|
|
Batting: RHB Hyeok Shon
|
0-0: Called Strike 0-1: Foul Ball, location: 2F 0-2: Foul Ball, location: 2F 0-2: Ball 1-2: Strikes out looking
|
|
Batting: SHB Roger Holmes
|
0-0: Called Strike 0-1: Ball 1-1: Swinging Strike 1-2: Ball 2-2: Foul Ball, location: 2F 2-2: Ball 3-2: Foul Ball, location: 2F 3-2: Base on Balls
|
|
Batting: RHB Ernesto Zamora
|
0-0: Ball 1-0: Called Strike 1-1: Called Strike 1-2: Foul Ball, location: 2F 1-2: Strikes out looking
|
| Bottom of the 6th over - 1 run, 2 hits, 0 errors, 3 left on base; Danville 5 - Missoula 6 |
| TOP OF THE 7TH |
|
Danville Braves batting - Pitching for Missoula Osprey : RHP Tom Alatas
|
|
Batting: RHB Armando Moz
|
0-0: Called Strike 0-1: Ball 1-1: Foul Ball, location: 2F 1-2: DOUBLE (Line Drive, 7LM, EV 109.4 MPH)
|
|
Batting: RHB Adonis Jenifer
|
0-0: Foul Ball, location: 2F 0-1: Fly out, F7 (Flyball, 7D, EV 96.2 MPH)
|
|
Batting: RHB Ingidayehu Lagat
|
0-0: Called Strike 0-1: Called Strike 0-2: Ball 1-2: Ball 2-2: Ground out 1-3 (Groundball, 15S, EV 68.8 MPH)
|
|
Batting: RHB Gerard Michel
|
0-0: Ball 1-0: Foul Ball, location: 2F 1-1: Swinging Strike 1-2: Strikes out looking
|
| Top of the 7th over - 0 runs, 1 hit, 0 errors, 1 left on base; Danville 5 - Missoula 6 |
| BOTTOM OF THE 7TH |
|
Missoula Osprey batting - Pitching for Danville Braves : RHP Jose Santos
|
|
Pitching: RHP Gordon Cushing
|
|
|
Batting: SHB Evan Armagost
|
0-0: Ball 1-0: Foul Ball, location: 2F 1-1: Foul Ball, location: 2F 1-2: Foul Ball, location: 2F 1-2: Ball 2-2: Fly out, F4 (Popup, 3D, EV 60.6 MPH)
|
|
Batting: SHB Blaine Peters
|
0-0: Ball 1-0: Ball 2-0: Ball 3-0: Base on Balls
|
|
Batting: RHB Antonio Luisa
|
0-0: Ball Blaine Peters steals 2nd base 1-0: Ball 2-0: Called Strike Blaine Peters steals 3rd base 2-1: Ball 3-1: SINGLE (Groundball, 5L, EV 99.4 MPH) Blaine Peters scores
|
|
Batting: LHB Dillon Rizzuto
|
0-0: Ball 1-0: Fly out, F7 (Flyball, 78D, EV 106.2 MPH)
|
|
Batting: LHB Jeff Harmon
|
0-0: Ball 1-0: Called Strike 1-1: Foul Ball, location: 2F 1-2: Fly out, F8 (Line Drive, 8LM, EV 85.0 MPH)
|
| Bottom of the 7th over - 1 run, 1 hit, 0 errors, 1 left on base; Danville 5 - Missoula 7 |
| TOP OF THE 8TH |
|
Danville Braves batting - Pitching for Missoula Osprey : RHP Tom Alatas
|
|
Pitching: RHP Rick Foster
|
|
|
Batting: RHB Miguel Vazquez
|
0-0: Swinging Strike 0-1: Swinging Strike 0-2: Foul Ball, location: 2F 0-2: Ball 1-2: Strikes out looking
|
|
Batting: SHB Ian Arlotta
|
0-0: Ball 1-0: Foul Ball, location: 2F 1-1: Ball 2-1: Ball 3-1: Base on Balls
|
|
Batting: LHB Oke Monti
|
0-0: Ball 1-0: Grounds into double play, 4-6-3 (Groundball, 4S, EV 93.8 MPH)
|
| Top of the 8th over - 0 runs, 0 hits, 0 errors, 0 left on base; Danville 5 - Missoula 7 |
| BOTTOM OF THE 8TH |
|
Missoula Osprey batting - Pitching for Danville Braves : RHP Gordon Cushing
|
|
Pitching: RHP Nikita Eliseenko
|
|
|
Batting: SHB Lee Dillon
|
0-0: Ball 1-0: Ball 2-0: Foul Ball, location: 2F 2-1: Ball 3-1: Foul Ball, location: 2F 3-2: SINGLE (Groundball, 4MD, EV 98.8 MPH)
|
|
Batting: RHB Hyeok Shon
|
0-0: Bunt missed! 0-1: Sac Bunt to 13S - play at first, batter OUT! 1-4 Lee Dillon to second
|
|
Batting: SHB Roger Holmes
|
0-0: Intentional Walk
|
|
Batting: RHB Ernesto Zamora
|
0-0: Ball 1-0: Ball Lee Dillon steals 3rd base Roger Holmes to second 2-0: Ball 3-0: Base on Balls
|
|
Batting: SHB Evan Armagost
|
0-0: Called Strike 0-1: TRIPLE (Line Drive, 9D, EV 101.9 MPH) Lee Dillon scores Roger Holmes scores Ernesto Zamora scores
|
|
Batting: SHB Blaine Peters
|
0-0: Ball 1-0: Ball 2-0: Foul Ball, location: 2F 2-1: Ground out U3 (Groundball, 34S, EV 87.5 MPH) Evan Armagost scores
|
|
Batting: RHB Antonio Luisa
|
0-0: Foul Ball, location: 2F 0-1: Ground out 6-3 (Groundball, 6, EV 83.8 MPH)
|
| Bottom of the 8th over - 4 runs, 2 hits, 0 errors, 0 left on base; Danville 5 - Missoula 11 |
| TOP OF THE 9TH |
|
Danville Braves batting - Pitching for Missoula Osprey : RHP Rick Foster
|
|
Batting: RHB Jose Ramos
|
0-0: Fly out, F8 (Flyball, 8RD, EV 74.4 MPH)
|
|
Batting: RHB Yojiro Hayashi
|
0-0: SINGLE (Line Drive, 78S, EV 86.9 MPH)
|
|
Batting: RHB Armando Moz
|
0-0: Ball 1-0: Hit by Pitch Yojiro Hayashi to second
|
|
Batting: RHB Adonis Jenifer
|
0-0: Ball 1-0: Swinging Strike 1-1: Ball 2-1: Ball 3-1: Foul Ball, location: 2F 3-2: Base on Balls Yojiro Hayashi to third Armando Moz to second
|
|
Pitching: RHP Jason Hammons
|
|
|
Batting: RHB Ingidayehu Lagat
|
0-0: Foul Ball, location: 2F 0-1: Ball 1-1: Called Strike 1-2: Fielders Choice at 2nd, 4-6 (Groundball, 4, EV 86.9 MPH) Yojiro Hayashi scores Armando Moz to third
|
|
Batting: RHB Gerard Michel
|
0-0: Swinging Strike 0-1: Ball 1-1: Swinging Strike 1-2: Strikes out swinging
|
| Top of the 9th over - 1 run, 1 hit, 0 errors, 2 left on base; Danville 6 - Missoula 11 |
|